 Dungeon Crawl Stone Soup version 0.27-a0-1144-g0b7d3b79db (webtiles) character file.

Game seed: 11021931606958069997

27 kae the Skirmisher (level 2, 0/24 HPs)
             Began as a Demonspawn Abyssal Knight on May 10, 2021.
             Was a Follower of Lugonu.
             Slain by an adder (5 damage)
             ... on level 2 of the Dungeon.
             The game lasted 00:01:02 (1359 turns).

kae the Skirmisher (Demonspawn Abyssal Knight)      Turns: 1359, Time: 00:01:02

Health: 0/24       AC:  3    Str: 12    XL:     2   Next: 93%
Magic:  4/4        EV: 11    Int: 13    God:    Lugonu [*.....]
Gold:   9          SH:  0    Dex: 12    Spells: 1/1 levels left

rFire    . . .     SeeInvis .   a - +1 falchion
rCold    . . .     Faith    .   (no shield)
rNeg     . . .     Spirit   .   b - +0 leather armour
rPois    .         Reflect  .   (no helmet)
rElec    .         Harm     .   (no cloak)
rCorr    .         Rampage  .   (no gloves)
Will     .....                  (no boots)
Stlth    +.........             (no amulet)
HPRegen  0.08/turn              (no ring)
MPRegen  0.18/turn              (no ring)

@: no status effects
A: magic regeneration
a: Renounce Religion, Depart the Abyss


You were on level 2 of the Dungeon.
You worshipped Lugonu.
Lugonu was aware of your devotion.
You visited 1 branch of the dungeon, and saw 2 of its levels.
You visited the Abyss 1 time.

You collected 35 gold pieces.
You spent 26 gold pieces at shops.

Inventory:

Hand Weapons
 a - a +1 falchion (weapon)
Armour
 b - a +0 leather armour (worn)
Scrolls
 e - a scroll of identify
 f - a scroll of enchant weapon {unknown}
Potions
 c - a potion of might {unknown}
 d - 2 potions of cancellation {unknown}


   Skills:
 + Level 3.3 Fighting
 * Level 2.6 Long Blades
 - Level 1.7 Armour
 - Level 0.8 Dodging
 - Level 3.0 Invocations


You had one spell level left.
You didn't know any spells.
Your spell library was empty.

Dungeon Overview and Level Annotations

Branches:
Dungeon (2/15)

Altars:

Shops:
D:2 ?


Innate Abilities, Weirdness & Mutations

You regenerate magic rapidly.


Message History

a +0 club; a goblin corpse An adder comes into view.
Things that are here:
a +0 club; a goblin corpse No target in view!
No target in view!
No target in view!
No target in view!
No target in view!
The adder bites you.
You are too injured to fight recklessly!
You are too injured to fight recklessly!
You are too injured to fight recklessly!
You are too injured to fight recklessly!
You hit the adder.
The adder is heavily wounded.
The adder bites you.
You are poisoned.
The adder poisons you!
You hit the adder but do no damage.
The adder is heavily wounded.
You feel sick. The adder closely misses you.
You riposte.
You closely miss the adder.
The adder is heavily wounded.
The adder misses you.
You riposte.
You closely miss the adder.
The adder is heavily wounded.
You miss the adder.
The adder is heavily wounded.
You feel sick. The adder bites you but does no damage.
You closely miss the adder.
The adder is heavily wounded.
You feel sick. The adder closely misses you.
You riposte.
You hit the adder.
The adder is heavily wounded.
The adder barely misses you.
You hit the adder.
The adder is severely wounded.
You feel sick.
You are no longer poisoned.
The adder bites you.
You die...

****,,,,..###..∩..# #.# *,*
,,,,,,,,,,* ###.#.## #.# *,*
****,,,,,,* ##.#..###.# *,*
**,,,,,####....#.##.####.#
**,*,,..................#****
*,*,*####...#.##..####...,,,
*,*,* #...............**** *,*,*
##.##.##.....#..* *** *,*,*
#.@#.#S####.#,,* ,,*
*,#.######)#S..##***.#,,* *,*
*,.>..................,,*
*,****,......#####.######>#.**
*,,,,,,#.###,****#.#*** *,*,*
*,,,,,,*,,,,,,,,,...,,***,*,*****
*,******,,,,,,,,.....,,,,,,,,,,,,
,,* *********##.##******,*****
*** #..,,,,,,,,*


You could see an adder.

Vanquished Creatures
  A dart slug (D:1)
  3 ball pythons
  2 endoplasms (D:1)
  5 goblins
  A quokka (D:1)
  6 bats
  4 frilled lizards
  A kobold (D:2)
  3 rats (D:1)
26 creatures vanquished.

Notes
Turn   | Place    | Note
-------+----------+-------------------------------------------
     0 | Abyss:1  | kae the Demonspawn Abyssal Knight began the quest for the
                  | Orb.
     0 | Abyss:1  | Reached XP level 1. HP: 18/18 MP: 2/2
     0 | D:1      | Escaped the Abyss
   433 | D:1      | Reached * piety under Lugonu
   617 | D:1      | Gained mutation: You regenerate magic rapidly. [demonic
                  | ancestry]
   617 | D:1      | Reached XP level 2. HP: 24/24 MP: 4/4
  1201 | D:2      | Found Istrol's Magic Scroll Shop.
  1211 | D:2      | Bought a scroll of identify for 26 gold pieces
  1359 | D:2      | Slain by an adder

Illustrated notes

Levels and vault maps discovered:
D:1:      dpeg_arrival_more_subterranean_lakeside_camping, layout_basic
D:2:      layout_loops_ring, serial_shops, nicolae_shop_crystal, uniq_jessica

Skill      XL: |  1  2 |
---------------+-------+-----
Long Blades    | 2 |  2.6
Invocations    | 3 |  3.0
Fighting       | |  3.3
Armour         | |  1.7
Dodging        | |  0.8

Action                   || total
-------------------------++-------
Melee: Falchion          ||    78
Invok: Depart the Abyss  ||     1
  Use: Scroll            ||     3
Armor: Leather armour    ||    20
Dodge: Dodged            ||    70
       Rpst.: Falchion   ||    25

Table legend: (Time is in decaauts)
 A = Elapsed time spent in this place.
 B = Non-inter-level travel time spent in this place.
 C = Inter-level travel time spent in this place.
 D = Time resting spent in this place.
 E = Time spent auto-exploring this place.
 F = Levels seen in this place.
 G = Mean time per level.
                   A        B        C        D        E       F      G
               +--------+--------+--------+--------+--------+-----+--------+
         Total |   1373 |   1341 |     32 |      3 |   1166 |   3 |  457.7 |
       Dungeon |   1373 |   1341 |     32 |      3 |   1166 |   2 |  686.5 |
         Abyss |      0 |      0 |      0 |      0 |      0 |   1 |    0.0 |
               +--------+--------+--------+--------+--------+-----+--------+

Top non-repeatable levels by time:
     D:1: 1207 daAuts
     D:2: 166 daAuts
